 Dungeon Crawl Stone Soup version 0.24.1-8-ga250c9d538 (webtiles) character file.

Game seed: 13409570959502778186, levelgen mode: deterministic

51 FTLSpaceWarp the Sneak (level 3, -3/18 HPs)
             Began as a Spriggan Assassin on May 3, 2020.
             Slain by a worm (5 damage)
             ... on level 2 of the Dungeon.
             The game lasted 00:04:32 (1985 turns).

FTLSpaceWarp the Sneak (Spriggan Assassin)          Turns: 1985, Time: 00:04:33

Health: -3/18      AC:  3    Str:  7    XL:     3   Next: 58%
Magic:  4/4        EV: 17    Int: 12    God:
Gold:   53         SH:  0    Dex: 18    Spells: 2/2 levels left

rFire    . . .     SeeInvis +   a - +2 dagger
rCold    . . .     Gourm    .   (shield restricted)
rNeg     . . .     Faith    .   b - +0 robe
rPois    .         Spirit   .   (helmet restricted)
rElec    .         Reflect  .   c - +0 cloak
rCorr    .         Harm     .   (gloves unavailable)
MR       .....                  (boots unavailable)
Stlth    ++++......             (no amulet)
HPRegen  0.06/turn              (no ring)
MPRegen  0.09/turn              (no ring)

@: very quick
A: very small, unfitting armour, see invisible, herbivore, speed 3, slow
metabolism 2
a: no special abilities


You were on level 2 of the Dungeon.
You were not hungry.

You visited 1 branch of the dungeon, and saw 2 of its levels.

You collected 53 gold pieces.

Inventory:

Hand Weapons
 a - a +2 dagger (weapon)
Missiles
 d - 24 poisoned darts (quivered)
 e - 2 curare-tipped darts
Armour
 b - a +0 robe (worn)
 c - a +0 cloak (worn)
Jewellery
 h - a +2 ring of dexterity {unknown}
 m - an uncursed amulet of magic regeneration {unknown}
Scrolls
 g - a scroll of magic mapping {unknown}
 i - a scroll of teleportation {unknown}
 j - a scroll of fog {unknown}
 k - a scroll of random uselessness {unknown}
 n - a scroll of immolation {unknown}
 o - a scroll of fear {unknown}
 p - a scroll of identify {unknown}
Potions
 l - a potion of flight {unknown}
Comestibles
 f - 4 rations


   Skills:
 - Level 1.5 Fighting
 + Level 2.6 Short Blades
 + Level 2.1 Throwing
 + Level 1.8 Dodging
 * Level 7.6 Stealth


You had 2 spell levels left.
You didn't know any spells.
Your spell library was empty.

Dungeon Overview and Level Annotations

Branches:
Dungeon (1/15)

Altars:
Zin

Shops:
D:2 *


Innate Abilities, Weirdness & Mutations

You are very small and have problems with some larger weapons.
You are too small for most types of armour.
You have supernaturally acute eyesight. (SInv)
You are a herbivore.
You cover ground extremely quickly.
You need to consume almost no food.


Message History

Press: ? - help, Shift-Dir - straight line, f/p - worm
Aim: a worm (lightly wounded)
You throw a poisoned dart. The poisoned dart hits the worm.
The worm is lightly wounded.
Throwing (i - inventory. (/) - cycle)
d - 25 poisoned darts (quivered)
Press: ? - help, Shift-Dir - straight line, f/p - worm
Aim: a worm (lightly wounded)
You throw a poisoned dart. The poisoned dart hits the worm.
The worm is lightly wounded.
You hit the worm.
The worm is moderately wounded.
You hit the worm.
The worm is moderately wounded.
The worm barely misses you.
You hit the worm.
The worm is heavily wounded.
You barely miss the worm.
The worm is heavily wounded.
The worm bites you.
You die...

#..
#####....#####...#_#..#
#.. ##.....##.#
#(#....... ##..
#..######.# #.........
..%. #.## #.#
#....∩.... .... ##.#
#)# #......... ##..
##..# ##.# ##.......#
#.(.####..## #..#
##.....## #.(#...##
####.#### #######
##[#.### #..@....#
##(#.# #.w.....#
..#.w..#######(......#
.......##............#
##.###.#..####.......#
#.......### #.......#
####......# #########
#....###.# #.##.# ..#


You could see a worm.

Vanquished Creatures
  An adder (D:2)
  A dart slug (D:1)
  A ball python (D:1)
  2 giant cockroaches (D:1)
  5 goblins (D:1)
  6 hobgoblins (D:1)
  5 jackals (D:1)
  5 kobolds
  5 bats (D:1)
  2 frilled lizards
  2 rats (D:1)
35 creatures vanquished.

Notes
Turn   | Place    | Note
-------+----------+-------------------------------------------
     0 | D:1      | FTLSpaceWarp the Spriggan Assassin began the quest for the
                  | Orb.
     0 | D:1      | Reached XP level 1. HP: 10/10 MP: 2/2
    46 | D:1      | Reached skill level 6 in Stealth
   386 | D:1      | Reached XP level 2. HP: 13/14 MP: 3/3
  1017 | D:1      | Reached skill level 7 in Stealth
  1374 | D:1      | Reached XP level 3. HP: 18/18 MP: 4/4
  1711 | D:1      | You fall into a shaft and drop 1 floor!
  1895 | D:2      | Found Zin's Purification Station.
  1907 | D:2      | Found a glowing silver altar of Zin.
  1985 | D:2      | Slain by a worm

Levels and vault maps discovered:
D:1:      lightli_molten_gateway, layout_basic
D:2:      layout_rooms, zin_purify, supply_closet_lemuel

Skill      XL: |  1  2 |
---------------+-------+-----
Stealth        | 6 7 |  7.6
Fighting       | |  1.5
Short Blades   | |  2.6
Throwing       | |  2.1
Dodging        | |  1.8

Action                   || total
-------------------------++-------
Melee: Dagger            ||   169
Throw: Dart              ||     9
 Stab: Sleeping          ||     1
Armor: Robe              ||    25
Dodge: Dodged            ||   127
